 Dungeon Sprint DCSS version 0.27-a0-75-g9f9dfd16e9 (webtiles) character file.

Game seed: 16149550536067240963

32894 rocky1 the Warrior (level 14, -13/123 HPs)
             Began as a Formicid Fighter on Jan 12, 2021.
             Was the Champion of Cheibriados.
             Killed from afar by an eleionoma (41 damage)
             ... with a spray of wooden splinters
             ... in the Dungeon (Sprint IX: "|||||||||||||||||||||||||||||").
             The game lasted 00:18:21 (4175 turns).

rocky1 the Warrior (Formicid Fighter)               Turns: 4175, Time: 00:18:22

Health: -13/123    AC: 21    Str: 41    XL:     14   Next: 5%
Magic:  24/24      EV: 28    Int: 23    God:    Cheibriados [******]
Gold:   104        SH: 26    Dex: 25    Spells: 13/13 levels left

rFire    + . .     SeeInvis +   c - +2 great sword (protect)
rCold    . . .     Faith    .   O - +1 tower shield
rNeg     . . .     Spirit   .   A - +2 scale mail {rF+}
rPois    .         Reflect  .   (helmet unavailable)
rElec    .         Harm     .   m - +0 cloak
rCorr    .         Rampage  .   n - +0 pair of gloves
Will     +....                  w - +0 pair of boots
Stlth    ++++......             G - amulet of magic regeneration
HPRegen  0.30/turn              F - +4 ring of protection
MPRegen  0.44/turn              D - +4 ring of evasion

@: very slow
A: permanent stasis, dig shafts and tunnels, four strong arms, antennae 3
a: Dig, Renounce Religion, Bend Time, Temporal Distortion, Slouch, Step From
Time


You were in the Dungeon.
You worshipped Cheibriados.
Cheibriados was exalted by your worship.
You visited 1 branch You collected 1914 gold pieces.
You spent 1810 gold pieces at shops.

Inventory:

Hand Weapons
 c - a +2 great sword of protection (weapon)
 l - a +2 scimitar of flaming
 C - a +3 morningstar of venom
 E - a +2 whip of venom
 N - a +0 executioner's axe
Missiles
 y - 2 throwing nets (quivered)
 H - 6 silver javelins
Armour
 m - a +0 cloak (worn)
 n - a +0 pair of gloves (worn)
 o - a +1 scale mail
 w - a +0 pair of boots (worn)
 A - a +2 scale mail of fire resistance (worn)
 I - a +1 chain mail of poison resistance
 O - a +1 tower shield (worn)
 P - a +1 scale mail of fire resistance
Jewellery
 b - an uncursed ring of resist corrosion
 p - a +3 ring of dexterity
 q - a +2 ring of evasion
 D - a +4 ring of evasion (right hand)
 F - a +4 ring of protection (left hand)
 G - an amulet of magic regeneration (around neck)
 J - an uncursed ring of fire
 K - an uncursed ring of willpower
 L - an uncursed ring of fire
 M - an uncursed ring of poison resistance
Wands
 k - a wand of iceblast (10)
Scrolls
 i - 3 scrolls of remove curse
 j - 2 scrolls of amnesia
 r - a scroll of enchant weapon
 s - 7 scrolls of enchant armour
 t - 2 scrolls of fog
 u - 2 scrolls of fear
 v - 3 scrolls of magic mapping
Potions
 a - 3 potions of brilliance
 d - 3 potions of might
 e - a potion of invisibility
 f - 2 potions of heal wounds
 g - 4 potions of magic
 h - 8 potions of curing
 x - 2 potions of cancellation {unknown}
 z - 2 potions of resistance
 B - a potion of mutation {unknown}


   Skills:
 + Level 15.4 Fighting
 + Level 14.6 Long Blades
 + Level 6.9(8.3) Axes
 + Level 7.1(8.4) Maces & Flails
 + Level 15.4 Armour
 + Level 13.0 Dodging
 - Level 10.1 Stealth
 + Level 15.0 Shields
 - Level 14.2 Invocations
 - Level 8.5 Evocations


You had 13 spell levels left.
You didn't know any spells.
Your spell library was empty.

Dungeon Overview and Level Annotations

Branches:
Dungeon (1/1)

Altars:
Cheibriados
Dithmenos
Elyvilon
Fedhas
Gozag
Hepliaklqana
Kikubaaqudgha
Makhleb
Nemelex Xobeh
Okawaru
Qazlal
Ru
Sif Muna
Trog
Uskayaw
Vehumet
Wu Jian
Xom
Yredelemnul
Zin
The Shining One
Beogh
Jiyva
Lugonu

Shops:
D (*=(


Innate Abilities, Weirdness & Mutations

You cannot be hasted, slowed, berserked, paralysed or teleported.
You can dig through walls and to a lower floor.
Your four strong arms can wield two-handed weapons with a shield.
You have a pair of large antennae on your head. (SInv)


Message History

A spriggan druid, a ghost crab, a bloated husk, a goliath frog and 2 eleionomae come into view.
The spriggan druid shouts!
You hear a deafening roar!
The eleionoma shouts!
A swamp dragon comes into view.
The eleionoma shouts!
The bloated husk explodes!
The blast of putrescent gases engulfs you!!!
The blast of putrescent gases engulfs the eleionoma!! x2
The eleionoma hurls a spray of splinters at you.
The spray of wooden splinters hits you!!
You hear a shout! x2
There is an open door to the Swamp here.
The eleionoma hurls a spray of splinters at you.
The spray of wooden splinters misses you.
The eleionoma melds with the trees.
The eleionoma hurls a spray of splinters at you.
The spray of wooden splinters hits you!!!
* * * LOW HITPOINT WARNING * * *
The eleionoma hurls a spray of splinters at you.
The spray of wooden splinters hits you!!!
You die... {{{{{{{{{{{{{{{{{{ {{{{{{{{{{{{{ ▓▓▓▓ { ... ▓▓▓▓▓▓▓▓▓▓▓▓▓▓▓▓▓▓R♣♣♣♣♣♣♣ ()).....'.†....†@.RF.ti..D{{ {{{{

▓▓▓▓▓▓▓▓▓▓▓▓▓▓▓▓▓▓♣♣♣♣♣♣♣♣♣♣▓▓▓▓▓
.................................
▓▓▓▓▓▓▓▓▓▓▓▓▓▓▓▓▓▓▓▓▓▓▓▓▓▓▓▓▓▓▓▓▓
)))).).[[[[[[[[.........?'(()).))
▓▓▓▓▓▓▓▓▓▓▓▓▓▓▓▓▓▓▓▓▓▓▓▓▓▓▓▓▓▓▓▓▓
.............)...........).......
▓▓▓▓▓▓▓▓▓▓▓▓▓▓▓▓▓▓▓▓▓▓▓▓▓▓▓▓▓▓▓▓▓
))))......[[[.[)[[.)..)')).))∩)∩.


You could see 2 eleionomae, a ghost crab, a spriggan druid and a goliath frog.

Vanquished Creatures
  Rupert (D)
  A nagaraja (D)
  An entropy weaver (D)
  A spark wasp (D)
  2 great orbs of eyes (D)
  A hydra (D)
  2 boulder beetles (D)
  A rakshasa (D)
  Harold (D)
  2 anacondas (D)
  3 centaur warriors (D)
  7 two-headed ogres (D)
  A tengu warrior (D)
  3 ogre magi (D)
  2 orc high priests (D)
  Urug (D)
  A naga sharpshooter (D)
  2 lindwurms (D)
  A naga ritualist (D)
  An orc knight (D)
  2 black mambas (D)
  4 cane toads (D)
  A rime drake (D)
  2 komodo dragons (D)
  A troll (D)
  A demonic crawler (D)
  3 jumping spiders (D)
  2 tyrant leeches (D)
  A blink frog (shapeshifter) (D)
  A slime creature (D)
  A blink frog (D)
  2 yaks (D)
  2 tarantellas (D)
  A wyvern (D)
  A basilisk (D)
  Eustachio (D)
  A steam dragon (D)
  A vampire mosquito (D)
  A soldier ant (D)
  3 nagas (D)
  A water moccasin (D)
  A floating eye (shapeshifter) (D)
  8 orc warriors (D)
  4 ogres (D)
  2 centaurs (D)
  A big kobold (D)
  4 bullfrogs (D)
  2 wights (D)
  2 hounds (D)
  3 orc wizards (D)
  7 orc priests (D)
  A worker ant (D)
  A gnoll (D)
  An adder (D)
  A white imp (D)
  4 worms (D)
  9 orcs (D)
  A bat (D)
  A goblin (D)
  A kobold (D)
  A frilled lizard (D)
123 creatures vanquished.

Vanquished Creatures (others)
  A bloated husk (D)
1 creature vanquished.

Grand Total: 124 creatures vanquished

Notes
Turn   | Place    | Note
-------+----------+-------------------------------------------
     0 | D        | rocky1 the Formicid Fighter began the quest for the Orb.
     0 | D        | Reached XP level 1. HP: 18/18 MP: 1/1
    41 | D        | Reached skill level 5 in Shields
    41 | D        | Reached XP level 2. HP: 20/24 MP: 2/2
   300 | D        | Reached XP level 3. HP: 27/29 MP: 3/3
   309 | D        | Reached skill level 5 in Long Blades
   309 | D        | Reached XP level 4. HP: 27/35 MP: 4/4
   319 | D        | Reached XP level 5. HP: 25/41 MP: 5/5
   327 | D        | HP: 2/41 [poisoned by a worker ant]
   745 | D        | Found a roughly hewn altar of Beogh.
   745 | D        | Found a snail-covered altar of Cheibriados.
   745 | D        | Found a shadowy altar of Dithmenos.
   745 | D        | Found a white marble altar of Elyvilon.
   745 | D        | Found a blossoming altar of Fedhas.
   745 | D        | Found an opulent altar of Gozag.
   746 | D        | Found a hazy altar of Hepliaklqana.
   747 | D        | Found a viscous altar of Jiyva.
   748 | D        | Found an ancient bone altar of Kikubaaqudgha.
   749 | D        | Became a worshipper of Cheibriados the Contemplative
   750 | D        | Found a corrupted altar of Lugonu.
   751 | D        | Found a burning altar of Makhleb.
   752 | D        | Found a sparkling altar of Nemelex Xobeh.
   753 | D        | Found an iron altar of Okawaru.
   754 | D        | Found a stormy altar of Qazlal.
   755 | D        | Found a sacrificial altar of Ru.
   756 | D        | Found a shimmering blue altar of Sif Muna.
   757 | D        | Found a bloodstained altar of Trog.
   758 | D        | Found a hide-covered altar of Uskayaw.
   759 | D        | Found a radiant altar of Vehumet.
   760 | D        | Found an ornate altar of the Wu Jian Council.
   761 | D        | Found a shimmering altar of Xom.
   762 | D        | Found a basalt altar of Yredelemnul.
   763 | D        | Found a glowing silver altar of Zin.
   764 | D        | Found a glowing golden altar of the Shining One.
   824 | D        | Noticed a big kobold
   824 | D        | Noticed a troll
   824 | D        | Noticed a centaur
   824 | D        | Noticed a yak
   830 | D        | Killed a big kobold
   835 | D        | Killed a troll
   835 | D        | Reached * piety under Cheibriados
   836 | D        | Reached skill level 10 in Shields
   836 | D        | Reached XP level 6. HP: 28/52 MP: 6/6
   836 | D        | Reached XP level 7. HP: 32/58 MP: 7/7
   845 | D        | Killed a yak
   846 | D        | Reached skill level 5 in Dodging
   848 | D        | Reached ** piety under Cheibriados
  1146 | D        | Noticed a soldier ant
  1151 | D        | Reached skill level 1 in Invocations
  1156 | D        | Reached XP level 8. HP: 67/67 MP: 7/9
  1164 | D        | Reached *** piety under Cheibriados
  1677 | D        | Noticed a yak
  1677 | D        | Noticed a cane toad
  1677 | D        | Noticed a cane toad
  1683 | D        | Reached **** piety under Cheibriados
  1687 | D        | Noticed a cane toad
  1694 | D        | Killed a yak
  1697 | D        | Killed a cane toad
  1697 | D        | Reached ***** piety under Cheibriados
  1698 | D        | Reached skill level 10 in Long Blades
  1698 | D        | Reached skill level 5 in Invocations
  1698 | D        | Reached XP level 9. HP: 54/76 MP: 11/13
  1701 | D        | Killed a cane toad
  1714 | D        | Killed a cane toad
  1717 | D        | Reached ****** piety under Cheibriados
  1718 | D        | Reached skill level 10 in Armour
  1887 | D        | Noticed a five-headed hydra
  1887 | D        | Noticed a blink frog
  1887 | D        | Noticed a cane toad
  1887 | D        | Noticed a komodo dragon
  1887 | D        | Noticed a rime drake
  1888 | D        | Noticed a boulder beetle
  1892 | D        | Killed a one-headed hydra
  1893 | D        | Reached skill level 10 in Fighting
  1893 | D        | Reached XP level 10. HP: 86/86 MP: 14/16
  1894 | D        | Noticed a black mamba
  1898 | D        | Killed a cane toad
  1902 | D        | Killed a komodo dragon
  1907 | D        | Killed a boulder beetle
  1911 | D        | Killed a rime drake
  1912 | D        | Reached skill level 10 in Invocations
  1918 | D        | Killed a black mamba
  1920 | D        | Noticed a komodo dragon
  1926 | D        | Killed a komodo dragon
  2157 | D        | Noticed a lindwurm
  2157 | D        | Noticed a lindwurm
  2165 | D        | Reached XP level 11. HP: 86/95 MP: 18/18
  2173 | D        | Killed a lindwurm
  2180 | D        | Killed a lindwurm
  2181 | D        | Reached skill level 10 in Dodging
  2473 | D        | Noticed Harold
  2485 | D        | Killed Harold
  2558 | D        | Reached skill level 1 in Stealth
  2570 | D        | Reached skill level 1 in Evocations
  2615 | D        | Noticed an orc high priest
  2615 | D        | Noticed an orc knight
  2620 | D        | Noticed a sixfirhy
  2629 | D        | Noticed an orc high priest
  2632 | D        | Killed an orc high priest
  2634 | D        | Killed an orc knight
  2635 | D        | Noticed a soul eater
  2640 | D        | Killed an orc high priest
  2696 | D        | Upgraded the game from 0.27-a0-74-gebd156f8b4 to
                  | 0.27-a0-75-g9f9dfd16e9
  2699 | D        | Found Fanezyil's Antique Weapon Emporium.
  2699 | D        | Noticed an ogre mage
  2699 | D        | Noticed a two-headed ogre
  2704 | D        | Noticed a two-headed ogre
  2706 | D        | Killed an ogre mage
  2707 | D        | Found Rilodick's Assorted Antiques.
  2707 | D        | Noticed an ogre mage
  2709 | D        | Noticed an ogre mage
  2711 | D        | Noticed a two-headed ogre
  2712 | D        | Killed a two-headed ogre
  2713 | D        | Reached skill level 5 in Stealth
  2713 | D        | Reached XP level 12. HP: 53/105 MP: 21/21
  2715 | D        | Killed a two-headed ogre
  2715 | D        | Killed a two-headed ogre
  2716 | D        | Reached skill level 5 in Evocations
  2717 | D        | Found Bujoicw's Jewellery Emporium.
  2717 | D        | Killed an ogre mage
  2719 | D        | Found Inkat's Antique Weapon Shoppe.
  2725 | D        | Killed an ogre mage
  3011 | D        | Noticed a two-headed ogre
  3012 | D        | Noticed a two-headed ogre
  3014 | D        | Noticed a two-headed ogre
  3022 | D        | Killed a two-headed ogre
  3028 | D        | Killed a two-headed ogre
  3038 | D        | Killed a two-headed ogre
  3074 | D        | Bought a potion of might for 92 gold pieces
  3074 | D        | Bought a bubbling pink potion for 20 gold pieces
  3074 | D        | Bought a runed scale mail for 161 gold pieces
  3074 | D        | Bought a metallic pink potion for 20 gold pieces
  3074 | D        | Bought a scroll of enchant armour for 172 gold pieces
  3074 | D        | Bought a scroll of magic mapping for 80 gold pieces
  3078 | D        | Bought a glowing morningstar for 119 gold pieces
  3082 | D        | Bought a +4 ring of evasion for 360 gold pieces
  3086 | D        | Bought a runed whip for 126 gold pieces
  3090 | D        | Bought a +4 ring of protection for 360 gold pieces
  3090 | D        | Bought an uncursed amulet of magic regeneration for 300
                  | gold pieces
  3139 | D        | Noticed Urug
  3152 | D        | Killed Urug
  3153 | D        | Reached skill level 1 in Maces & Flails
  3187 | D        | Noticed Eustachio
  3194 | D        | Killed Eustachio
  3358 | D        | Noticed a two-headed ogre
  3358 | D        | Noticed a tengu warrior
  3359 | D        | Noticed a centaur warrior
  3364 | D        | Killed a two-headed ogre
  3365 | D        | Reached skill level 1 in Axes
  3369 | D        | Killed a tengu warrior
  3372 | D        | Noticed a great orb of eyes
  3375 | D        | Killed a centaur warrior
  3376 | D        | Reached XP level 13. HP: 110/113 MP: 23/23
  3376 | D        | Noticed a centaur warrior
  3379 | D        | Noticed a rakshasa
  3392 | D        | Noticed a centaur warrior
  3394 | D        | Killed a great orb of eyes
  3400 | D        | Killed a centaur warrior
  3409 | D        | Killed a centaur warrior
  3422 | D        | Killed a rakshasa
  3437 | D        | Noticed a great orb of eyes
  3445 | D        | Killed a great orb of eyes
  3558 | D        | Noticed Rupert
  3586 | D        | Killed Rupert
  3587 | D        | Reached skill level 10 in Stealth
  3671 | D        | Noticed a nagaraja
  3671 | D        | Noticed an anaconda
  3671 | D        | Noticed an anaconda
  3683 | D        | Killed a nagaraja
  3684 | D        | Reached skill level 5 in Axes
  3684 | D        | Reached skill level 5 in Maces & Flails
  3687 | D        | Killed an anaconda
  3696 | D        | Killed an anaconda
  3703 | D        | Reached skill level 15 in Fighting
  3709 | D        | Reached skill level 15 in Armour
  4147 | D        | Noticed a spark wasp
  4147 | D        | Noticed a boulder beetle
  4150 | D        | Noticed an entropy weaver
  4152 | D        | Killed a spark wasp
  4155 | D        | Killed a boulder beetle
  4158 | D        | Killed an entropy weaver
  4159 | D        | Reached XP level 14. HP: 123/123 MP: 17/24
  4163 | D        | Reached skill level 15 in Shields
  4175 | D        | Killed from afar by an eleionoma

Illustrated notes

Levels and vault maps discovered:
D:        linesprint [early_d, line_temple, items_1, d_10, items_2, lair_1,
          lair_end, items_3, orc_1, orc_end, items_4, d_15, swamp_1, shoals_1,
          snake_1, spider_1, d_20, vaults_1, items_5, swamp_end, shoals_end,
          snake_end, spider_end, vaults_end, d_27, items_6, zot_1, zot_end,
          crypt_end, forest_end, elf_end, slime_end, tomb_end, abyss_end,
          pan_hell_end]

Skill      XL: |  1  2  3  4  5  6  7  8  9 10 11 12 13 14 |
---------------+-------------------------------------------+-----
Shields        | 5 6 7 8 10 12 13 14 15 | 15.0
Long Blades    | 3 4 5 6 8 9 10 11 12 13 14 | 14.6
Fighting       | 6 7 9 10 11 13 14 15 | 15.4
Armour         | 6 7 9 10 11 13 14 15 | 15.4
Dodging        | 4 5 6 8 9 10 11 12 13 | 13.0
Invocations    | 1 5 8 10 12 13 14 | 14.2
Stealth        | 5 8 10 | 10.1
Evocations     | 4 7 8 |  8.5
Maces & Flails | 2 7 |  7.1
Axes           | 2 6 |  6.9

Action                   |  1- 3 |  4- 6 |  7- 9 | 10-12 | 13-15 || total
-------------------------+-------+-------+-------+-------+-------++-------
Melee: Long sword        |    48 |    20 |       |       |       ||    68
       Scimitar          |       |    11 |    81 |   199 |    74 ||   365
       Great sword       |       |       |       |       |    56 ||    56
Invok: Slouch            |       |       |       |     6 |     2 ||     8
  Use: Potion            |     1 |     1 |       |       |     1 ||     3
 Stab: Sleeping          |       |       |       |     1 |     1 ||     2
Armor: Scale mail        |    23 |     6 |     8 |    16 |    15 ||    68
Dodge: Dodged            |    15 |    12 |    29 |    72 |    46 ||   174
Block: Kite shield       |    32 |    15 |    44 |    88 |       ||   179
       Tower shield      |       |       |       |    16 |   122 ||   138
       Rpst.: Long sword |     9 |     2 |       |       |       ||    11
       Scimitar          |       |     2 |     7 |    18 |     1 ||    28
       Great sword       |       |       |       |       |     3 ||     3

Table legend: (Time is in decaauts)
 A = Elapsed time spent in this place.
 B = Non-inter-level travel time spent in this place.
 C = Inter-level travel time spent in this place.
 D = Time resting spent in this place.
 E = Time spent auto-exploring this place.
 F = Levels seen in this place.
 G = Mean time per level.
                   A        B        C        D        E       F      G
               +--------+--------+--------+--------+--------+-----+--------+
         Total |   4868 |   4868 |      0 |   2658 |      0 |   1 | 4868.0 |
       Dungeon |   4868 |   4868 |      0 |   2658 |      0 |   1 | 4868.0 |
               +--------+--------+--------+--------+--------+-----+--------+

Top non-repeatable levels by time:
       D: 4868 daAuts
